 Dungeon Sprint DCSS version 0.28.0-43-g3370ac3207 (webtiles) character file.

Game seed: 6376934541766848400

5 Baz the Ducker (level 1, 0/18 HPs)
             Began as a Djinni Air Elementalist on Mar 17, 2022.
             Splashed by a jelly's acid (7 damage)
             ... in the Dungeon (Sprint IX: "|||||||||||||||||||||||||||||").
             The game lasted 00:00:18 (85 turns).

Baz the Ducker (Djinni Air Elementalist)              Turns: 85, Time: 00:00:19

Health: 0/18       AC: -6    Str:  7    XL:     1   Next: 88%
Gold:   0          EV: 12    Int: 16    God:
                   SH:  0    Dex: 13

rFire   + + .      SeeInvis .   (no weapon)
rCold   x . .      Faith    .   (no shield)
rNeg    . . .      Spirit   .   a - +0 robe
rPois   ∞          Reflect  .   (no helmet)
rElec   .          Harm     .   (no cloak)
rCorr   .          Rampage  .   (no gloves)
Will    .....      NoTele   +   (boots unavailable)
Stlth   ++........              (no amulet)
HPRegen 0.06/turn               (no ring)
MPRegen 0.00/turn               (no ring)

@: corroded, flying
A: sickness immunity, fire resistance 2, cold vulnerability 1, float, innate
caster, HP casting, extra vitality 1
a: no special abilities


You were in the Dungeon.
You visited 1 branch

Inventory:

Armour
 a - a +0 robe (worn)
Scrolls
 f - a scroll of blinking
Potions
 b - a potion of curing
 d - a potion of haste
 e - a potion of berserk rage


   Skills:
 * Level 2.2 Fighting
 + Level 2.9 Dodging
 - Level 1.5 Stealth
 + Level 2.7 Spellcasting


You couldn't memorise any spells.
You knew the following spells:

 Your Spells              Type           Power      Damage    Failure   Level
a - Shock                 Conj/Air       44%        1d5       6%          1
b - Static Discharge      Conj/Air       11%        N/A       10%         2
c - Swiftness             Air            11%        N/A       19%         3
d - Airstrike             Air            5%         N/A       52%         4
Your spell library was empty.

Dungeon Overview and Level Annotations

Branches:
Dungeon (1/1)

Altars:


Innate Abilities, Weirdness & Mutations

You are immune to sickness and miasma.
You are immune to poison.
Your flesh is very heat resistant. (rF++)
You are vulnerable to cold. (rC-)
You float through the air rather than walking.
You learn spells naturally, not from books.
Your magical power is your life essence.
You have superior vitality. (+4 MHP)


Message History

The zap hits the scorpion.
The scorpion is moderately wounded.
* * * LOW HITPOINT WARNING * * *
The jelly misses you.
You feel much better. The jelly hits you. The acid corrodes you!
You are splashed with acid!
Okay, then.
You see here a frilled lizard corpse.
Casting: Shock (safe; 6% risk of failure)
Confirm with . or Enter, or press ? or * to list all spells.
Aiming: Shock (safe; 6% risk of failure)
Press: ? - help, Shift-Dir - straight line, f/p - jelly
Aim: a jelly (lightly wounded, 100% to hit)
The zap hits the jelly.
The jelly is heavily wounded.
The zap hits the hound.
The hound is heavily wounded.
The zap hits the necrophage.
The necrophage is moderately damaged.
The zap hits the ogre.
The ogre is heavily wounded.
The zap hits the scorpion.
The scorpion is moderately wounded.
The jelly closely misses you.
Unknown command.
Casting: Shock (safe; 6% risk of failure)
Confirm with . or Enter, or press ? or * to list all spells.
Aiming: Shock (safe; 6% risk of failure)
Press: ? - help, Shift-Dir - straight line, f/p - jelly
Aim: a jelly (heavily wounded, 100% to hit)
The zap hits the jelly.
The jelly is severely wounded.
The zap hits the hound.
The hound is heavily wounded.
The zap misses the necrophage.
The zap hits the ogre.
The ogre is severely wounded.
The zap hits the scorpion.
The scorpion is heavily wounded.
The jelly hits you. The acid corrodes you!
You are splashed with acid!
You die...

▓<▓
▓.▓
▓.▓
▓.▓
▓'▓
▓†▓
▓.▓
▓.▓
▓@▓
▓J▓
▓h▓
▓n▓
▓O▓
▓s▓
▓.▓
▓.▓
▓+▓


You could see an ogre, a necrophage, a scorpion, a hound and a jelly.

Vanquished Creatures
  2 endoplasms (D)
  A hobgoblin (D)
  A ball python (D)
  A frilled lizard (D)
5 creatures vanquished.

Notes
Turn   | Place    | Note
-------+----------+-------------------------------------------
     0 | D        | Baz the Djinni Air Elementalist began the quest for the
                  | Orb.
     0 | D        | Reached XP level 1. HP: 15/15 MP: 0/0
     5 | D        | Reached skill level 1 in Fighting
    79 | D        | Noticed a jelly
    79 | D        | Noticed a hound
    79 | D        | Noticed a necrophage
    79 | D        | Noticed an ogre
    79 | D        | Noticed a scorpion
    85 | D        | Splashed by a jelly's acid

Illustrated notes

Levels and vault maps discovered:
D:        linesprint [early_d, line_temple, items_1, d_10, items_2, lair_1,
          lair_end, items_3, orc_1, orc_end, items_4, d_15, swamp_1, shoals_1,
          snake_1, spider_1, d_20, vaults_1, items_5, swamp_end, shoals_end,
          snake_end, spider_end, vaults_end, d_27, items_6, zot_1, zot_end,
          crypt_end, forest_end, elf_end, slime_end, tomb_end, abyss_end,
          pan_hell_end]

Skill      XL: |  1 |
---------------+----+-----
Fighting       | 2 |  2.2
Dodging        | |  2.9
Stealth        | |  1.5
Spellcasting   | |  2.7

Action                   || total
-------------------------++-------
 Cast: Shock             ||     8
  Use: Potion            ||     1
Dodge: Dodged            ||     3
